Cogmind - Beta 13 @@@ ROGUE MODE // 2024.07.12 @ 13:17:45 Player: ThatBishHoly Result: Destroyed by G-34 Mercenary with Small Laser Performance ------------- Evolutions (1) 500 Regions Visited (2) 400 Robots Destroyed (16) 80 Value Destroyed (407) 407 Prototype IDs (6) 120 Alien Tech Used (0) 0 Bonus (0) 0 TOTAL SCORE: 1507 Bonus ------- None Cogmind --------- Core Integrity 0/400 Matter 211/300 Energy 70/100 System Corruption 0% Temperature Critical (665) Movement Core (100) Ox1 Location -9/Materials Parts ------- > --- POWER (1) -------- (None) > --- PROPULSION (4) --- (None) > --- UTILITY (2) ------ Small Storage Unit Hacking Suite > --- WEAPON (2) ------- (None) > --- INVENTORY (8) ---- Huge Storage Unit Medium Armor Plating Datajack Peak State ------------ > --- POWER ------------ Ion Engine > --- PROPULSION ------- Improved Hover Unit Improved Hover Unit Improved Hover Unit Improved Hover Unit > --- UTILITY ---------- Small Storage Unit Hacking Suite > --- WEAPON ----------- Particle Gun Particle Gun > --- INVENTORY -------- Improved VTOL Module Huge Storage Unit Medium Armor Plating Particle Gun Particle Gun Datajack [Rating: 18] Favorites ----------- Power Ion Engine Engine Ion Engine Propulsion Improved Hover Unit Wheel Wheel Hover Unit Improved Hover Unit Utility Small Storage Unit Device Tractor Beam Storage Small Storage Unit Hackware Hacking Suite Weapon Particle Gun Energy Gun Particle Gun Ballistic Gun Heavy Assault Rifle Build | -11 -10 -9 ------- Run | Yrd Mat Mat Slots Evolved 2 | . . 2 Power . | . . . Propulsion 2 | . . 2 Utility . | . . . Weapon . | . . . Parts Attached 18 | 6 6 6 Power 2 | 1 . 1 Engine 2 | 1 . 1 Core . | . . . Reactor . | . . . Propulsion 6 | 2 2 2 Treads . | . . . Leg . | . . . Wheel 2 | 2 . . Hover 4 | . 2 2 Flight . | . . . Utility 3 | 1 2 . Device 1 | . 1 . Storage 1 | 1 . . Processor . | . . . Hackware 1 | . 1 . Protection . | . . . Artifact . | . . . Weapon 7 | 2 2 3 Energy Gun 6 | 2 2 2 Energy Cannon . | . . . Ballistic Gun 1 | . . 1 Ballistic Cannon . | . . . Launcher . | . . . Special Weapon . | . . . Impact Weapon . | . . . Slashing Weapon . | . . . Piercing Weapon . | . . . Special Melee Weapon . | . . . Unidentified Prototypes . | . . . Parts Lost 11 | . . 11 Power 2 | . . 2 Propulsion 4 | . . 4 Utility . | . . . Weapon 5 | . . 5 Highest Loss Streak 8 | . . 8 To Critical Strikes . | . . . Average Slot Usage (%) 94 | . 98 86 Engine 11 | . 14 8 Wheel 11 | . 17 . Hover 18 | . 10 34 Device 6 | . 9 . Storage 12 | . 14 11 Hackware 5 | . 2 11 Energy Gun 25 | . 28 20 Naked Turns . | . . . Heaviest Build 18 | 13 17 18 Greatest Support 28 | 26 26 28 Greatest Overweight (x) 3 | . 1 3 Average Overweight (x) . | . . . Largest Inventory Capacity 8 | 8 8 8 Average Capacity 7 | 6 8 8 Most Carried 7 | 5 7 6 Average Carried 3 | . 2 4 Final Capacity 8 | 8 8 8 Final Carried 6 | . 6 3 Class Distribution -------------------- 100% | Mutant Dominant Class ---------------- Mutant | -10/Materials Mutant | -9/Materials Resources | -11 -10 -9 ----------- Run | Yrd Mat Mat Matter Collected 458 | 228 90 140 Remotely 42 | . 42 . Salvage Created 559 | . 333 226 Parts 33 | . 19 14 Haulers Intercepted 2 | . 2 . Recyclers Shooed 1 | . 1 . Parts Field Recycled . | . . . Retrieved Matter . | . . . Parts Self-Destructed . | . . . Prevented . | . . . Kills | -11 -10 -9 ------- Run | Yrd Mat Mat Combat Hostiles Destroyed 12 | . 7 5 Guns 12 | . 7 5 Classes Destroyed 6 | . 4 2 Hauler 2 | . 2 . Operator 1 | . 1 . Watcher 1 | . . 1 Swarmer 3 | . 3 . Grunt 7 | . 4 3 Sentry 2 | . . 2 Best Kill Streak 3 | . 3 3 Combat Bots Only 3 | . 3 3 Max Kills in Single Turn 1 | . 1 1 Gunslinging . | . . . Exploded . | . . . Melee . | . . . Uniques/NPCs Destroyed . | . . . Combat | -11 -10 -9 -------- Run | Yrd Mat Mat Hostile Shots Fired 116 | . 18 98 Missed 16 | . 4 12 Damage Taken 1239 | . 162 1077 Core 425 | . 20 405 Absorbed by Shields . | . . . Core Remaining (%) 96 | 100 92 . Volleys Fired 50 | . 25 25 Largest 2 | . 2 2 Hottest 130 | . 130 130 Shots Fired 97 | . 50 47 Gun 97 | . 50 47 Cannon . | . . . Launcher . | . . . Special . | . . . Kinetic 1 | . . 1 Thermal 96 | . 50 46 Explosive . | . . . Electromagnetic . | . . . Robot Hit Streak 18 | . 18 7 Robot Miss Streak 4 | . 1 4 Penetration Max . | . . . Secondary Targets 4 | . 1 3 Max Gunslinging Chain 1 | . 1 1 Shots Hit Robots 66 | . 40 26 Core Hits 27 | . 16 11 Critical Kills . | . . . Critical Parts Destroyed . | . . . Critical Strikes 3 | . 1 2 Burn 3 | . 1 2 Melee Attacks . | . . . Impact . | . . . Slashing . | . . . Piercing . | . . . Sneak Attacks . | . . . Combat Hostiles . | . . . Follow-up Attacks . | . . . Damage Inflicted 923 | . 490 433 Guns 921 | . 488 433 Cannons . | . . . Explosions . | . . . Melee . | . . . Ramming 2 | . 2 . Kinetic 13 | . . 13 Thermal 908 | . 488 420 Explosive . | . . . Electromagnetic . | . . . Impact . | . . . Slashing . | . . . Piercing . | . . . Highest Corruption . | . . . Average Corruption . | . . . Corruption Purged . | . . . Corruption Blocked . | . . . Overload Shots . | . . . Overflow Damage . | . . . Projectiles . | . . . Explosions . | . . . Melee . | . . . Knockbacks . | . . . Impact . | . . . Kinetic . | . . . Secondary . | . . . Self-Inflicted Damage 1 | . 1 . Shots . | . . . Rammed 1 | . 1 . Targets Rammed 1 | . 1 . Kicked . | . . . Crushed . | . . . Highest Temperature 893 | . 306 893 Average Temperature 208 | . 100 302 Received Heat Transfer 633 | . 72 561 Effects 22 | . . 22 Shutdowns 2 | . . 2 Energy Bleed 3 | . . 3 Interference 4 | . . 4 Matter Decay 5 | . . 5 Short Circuit 1 | . . 1 Damage (minor) 2 | . . 2 Damage (major) 4 | . . 4 Damage (core) 1 | . . 1 Siege Activations . | . . . Robots Corrupted . | . . . Combat Hostiles . | . . . Parts Fried . | . . . Impact Corruptions . | . . . Robots Melted 1 | . 1 . Combat Hostiles . | . . . Parts Melted 9 | . 5 4 Heat Transferred 2547 | . 1363 1184 Parts Sabotaged . | . . . Parts Stolen . | . . . Parts Stripped . | . . . Power Chain Reactions . | . . . Alert | -11 -10 -9 ------- Run | Yrd Mat Mat Peak Influence 257 | . 257 141 Initial 24 | . . 24 Average 95 | . 112 79 Maximum Alert Level 1 | . 1 . Low Security (%) 89 | 100 83 100 Level 1 10 | . 16 . Level 2 . | . . . Level 3 . | . . . Level 4 . | . . . Level 5 . | . . . High Security . | . . . Max Security . | . . . Squads Dispatched 1 | . . 1 Investigation . | . . . Extermination . | . . . Reinforcement 1 | . . 1 Assault . | . . . Garrison . | . . . Intercept . | . . . Searches Triggered . | . . . Construction Impeded . | . . . Haulers Reinforced . | . . . Active Scanning Responses . | . . . Cargo Convoy Interrupts . | . . . Stealth | -11 -10 -9 --------- Run | Yrd Mat Mat Distress Signals 4 | . 2 2 Communications Jammed . | . . . Distress Signals . | . . . Times Spotted 29 | . 16 13 Peak Tracking Total 5 | . 5 5 Tactical Retreats 1 | . 1 . Traps | -11 -10 -9 ------- Run | Yrd Mat Mat Traps Triggered . | . . . Indirectly . | . . . Trap Hack Attempts . | . . . Triggered . | . . . Disarmed 1 | . 1 . Reprogrammed . | . . . Reused . | . . . Traps Extracted . | . . . Installed . | . . . Triggered . | . . . Machines | -11 -10 -9 ---------- Run | Yrd Mat Mat Machines Disabled . | . . . Max in Single Turn . | . . . Machines Repaired . | . . . Machines Dismantled . | . . . Machines Sabotaged . | . . . Overloaded Fab Kills . | . . . Hacking | -11 -10 -9 --------- Run | Yrd Mat Mat Machines Accessed 6 | . 4 2 Terminals 5 | . 4 1 Fabricators . | . . . Repair Stations . | . . . Recycling Units . | . . . Scanalyzers 1 | . . 1 Garrison Access . | . . . Total Hacks 18 | . 12 6 Successful 11 | . 8 3 Failed 7 | . 4 3 Catastrophic 1 | . 1 . Database Lockouts . | . . . Manual 1 | . 1 . Terminals 17 | . 12 5 Fabricators . | . . . Repair Stations . | . . . Recycling Units . | . . . Scanalyzers 1 | . . 1 Garrison Access . | . . . Terminal Hacks 10 | . 8 2 Prototype ID Bank 3 | . 3 . Emergency Access Points 2 | . 1 1 Locate Traps 2 | . 2 . Disarm Traps 1 | . 1 . Hauler Manifests 1 | . . 1 Zone Layout 1 | . 1 . Fabricator Hacks . | . . . Repair Station Hacks . | . . . Recycling Unit Hacks . | . . . Scanalyzer 1 | . . 1 Insert Component 1 | . . 1 Garrison Access Hacks . | . . . Unauthorized Hacks . | . . . Terminals . | . . . Fabricators . | . . . Repair Stations . | . . . Recycling Units . | . . . Scanalyzers . | . . . Garrison Access . | . . . Data Cores Recovered 1 | . 1 . Used . | . . . Hacking Detections 5 | . 3 2 Full Trace Events . | . . . Feedback Events . | . . . Feedback Blocked . | . . . Robot Schematics Acquired . | . . . Robots Built . | . . . Authchips . | . . . Time . | . . . Total Robot Build Rating . | . . . Part Schematics Acquired . | . . . Parts Built . | . . . Authchips . | . . . Time . | . . . Total Part Build Rating . | . . . Parts Repaired . | . . . Time . | . . . Parts Recycled . | . . . Recycled Matter . | . . . Retrieved Matter . | . . . Retrieved Components . | . . . Parts Scanalyzed . | . . . Part Schematics Acquired . | . . . Parts Damaged . | . . . Bothacking | -11 -10 -9 ------------ Run | Yrd Mat Mat Used RIF Installer . | . . . Robots Hacked . | . . . Non-combat . | . . . Combat . | . . . Robot Hacks Applied . | . . . Relay Couplers Released . | . . . Fabnet Peak Effective % . | . . . Robots Rewired . | . . . Allies Hacked . | . . . Hacks Repelled . | . . . Allies | -11 -10 -9 -------- Run | Yrd Mat Mat Total Allies . | . . . Largest Group . | . . . Highest-Rated Group . | . . . Highest-Rated Ally . | . . . Total Orders . | . . . Ally Attacks . | . . . Total Damage . | . . . Kills . | . . . Allies Corrupted . | . . . Allies Melted . | . . . Intel | -11 -10 -9 ------- Run | Yrd Mat Mat Robot Analysis Total . | . . . Derelict Logs Recovered . | . . . Drone Launches . | . . . Drone Recoveries . | . . . Exploration | -11 -10 -9 ------------- Run | Yrd Mat Mat Turns Passed 702 | 42 430 230 Spaces Moved 592 | 43 330 219 Core 24 | 22 . 2 Treads . | . . . Legs . | . . . Wheels 240 | 21 219 . Hover 328 | . 111 217 Flight . | . . . Fastest Speed 48 | 50 56 48 Average Speed 78 | 69 98 49 Slowest Speed 200 | 90 116 200 Overloaded Moves . | . . . Propulsion Burnouts . | . . . Robots Hopped . | . . . Cave-ins Triggered . | . . . Exploration Rate (%) 19 | 3 46 9 Regions Visited 2 Branch Regions . Pre-discovered Areas . | . . . Known Exits Taken . | . . . Unknown Exits Taken 2 | 1 1 . Scrap Searched . | . . . Spaces Dug . | . . . Terrain Destroyed . | . . . Melee . | . . . Projectile . | . . . AOE . | . . . Terrain Rammed . | . . . Walls Destroyed . | . . . Machines Disabled . | . . . Actions | -11 -10 -9 --------- Run | Yrd Mat Mat Total 735 | 54 387 294 Wait 48 | . 9 39 Move 590 | 42 329 219 Hop . | . . . Pick Up 22 | 6 12 4 Fast Attach . | . . . Attach 14 | 6 2 6 Detach . | . . . Swap 4 | . 4 . Drop 6 | . 5 1 Fire 50 | . 25 25 Melee . | . . . Ram 1 | . 1 . Kick . | . . . Crush . | . . . Escape Stasis . | . . . Rewire . | . . . Trap . | . . . Miscellaneous . | . . . Route ------- -11/Scrapyard -10/Materials -9/Materials (discovered 1 exit: [*Sto]) History --------- Turn | Location | Event 2 | -11/Scrapyard | Discovered new exit (range 16) 43 | -11/Scrapyard | Entered Materials 198 | -10/Materials | Discovered new exit (range 13) 305 | -10/Materials | Build established: Mutant 473 | -10/Materials | Entered another Materials area 473 | -9/Materials | Evolved 2 slots: Propulsion x2 515 | -9/Materials | Discovered new exit (range 16) 663 | -9/Materials | Lost 3 parts (1p2n) 686 | -9/Materials | Core integrity fell below 50% 696 | -9/Materials | Core integrity fell below 20% 703 | -9/Materials | Destroyed by G-34 Mercenary with Small Laser Last Messages --------------- 00689_ Particle Gun destroyed. 00690_ Overheating: Energy bleed (-18). 00690_ M-13 Machinist repairs G-47 Trooper. 00691_ Overheating: Sml. Storage Unit damaged (-18). 00691_ Acquired Hvy. Assault Rifle. 00694_ Overheating: System interference. 00694_ Hvy. Assault Rifle temporarily disabled. 00696_ Overheating: Energy bleed (-14). 00697_ Overheating: Hacking Suite damaged (-5). 00697_ Overheating: Hvy. Assault Rifle damaged (-37). 00697_ Overheating: Broken Particle Gun damaged (-2). 00697_ Overheating: Sml. Storage Unit damaged (-31). 00697_ Broken Particle Gun destroyed. 00698_ Overheating: Matter decay (-58). 00701_ Hvy. Assault Rifle destroyed. 00703_ Overheating: Energy bleed (-15). Map ----- +----------------------------------------------------+ | ??????????????????????????????????????? | | ??????????????????????????????????????? | | ??????????????????????????????????????? | | ??????????????????????????????????????? | | ??????????????????????????????????????? | | ??????????????????????????????????????? | | ??????????????????????????????????????? | | ??????????????????????????????????????? | | ??????????????????????????????????????? | | ??????????????????????????????????????? | | ??????????????????????????????????????? | | ????????#####?????????????????????????? | | ????????#!! #?????????????????????????? | | ????????#!! #######???????????????????? | | ????????#!! ????????????????????? | | ????????#!! #???????????????????????? | | ????????#= #???????????????????????? | | ????????#== #???????????????????????? | | ????????##### ####????????????????????? | | ???????????# m ##########+#####?????? | | ???????????# a ????? | | ???????????# < = ????? | | ???????????# !g *% ????? | | ???????????# g!%k###+######+#?????????? | | ???????????##g[g##????????????????????? | | ????????????#!@k#?????????????????????? | | ????????????# [=#?????????????????????? | | ????????????# =#?????????????????????? | | ????????????# #?????????????????????? | | ????????????# #?????????????????????? | | ????????????# ##############????????? | | ????????????# ## #????????? | | ????????????# ## #????????? | | ????????????# ## """ """ #????????? | | ????????????# u## """ """ #????????? | | ????????????# ## """ """ #????????? | | ????????????# ## #????????? | | ???????????## ## #????????? | | ????######## #####+#######????????? | | ????# #?????????????? | | ????# T #?????????????? | | ????# #?????????????? | | ?#######+### ########?????????????? | | ?# = ###+#######????????????????? | | ?# "S """ # [ #????????????????? | | ?# """ """ # ![ #????????????????? | | ?# "" """ # #????????????????? | | ?# # #????????????????? | | ?# + [#????????????????? | | ?# # #????????????????? | +----------------------------------------------------+ Best States ------------- Heat Dissipation 28 Energy Generation 12 Energy Capacity 265 Matter Stores 300 Matter Capacity 300 Sight Range 16 Terrain Scan Density 10 Evasion (%) 55 Offensive Hacking 10 Item Schematics ----------------- None Robot Schematics ------------------ None Fabricated ------------ Nothing Alien Tech Used ----------------- None Achievements -------------- None Challenges ------------ None Game ------ Seed AluminumStasisAxe Manual? 0 Play Time 00:19:08 Cumulative 60.0 hours Start 2024.07.12 @ 12:37:25 End 2024.07.12 @ 13:17:45 Sessions 1 Manual Loads 0 Difficulty Rogue Special Mode None Game No. 165 Rogue 165 Adventurer 0 Explorer 0 Win Type - Total 0 Types 0/0/0/0/0/0/0/0/0 Lore% 22 Gallery% 41 Achievement% 26 Wizard Run 0 Options --------- Layout 2 ASCII 0 Keyboard 0 Movement Mouse Keybinds 0 Fullscreen 1 Font 48/Smallcaps Map View 25x22 Zoom Use 83% Tactical HUD 1 Map Filters NONE Filters NONE Steam 1 RUN: bb548bf2-5576-41d8-9bd4-7c3eba4c4bbc